 Dungeon Crawl Stone Soup version 0.29.1-15-g9cfb28693d (webtiles) character file.

Game seed: 5026098747371219026

3405 Peloso the Protected (level 9, -3/79 HPs)
             Began as a Minotaur Fighter on Apr 20, 2023.
             Was a Priest of Okawaru.
             Slain by an orc warrior
             ... wielding a +0 mace
              (4 damage)
             ... on level 9 of the Dungeon.
             The game lasted 00:12:44 (10093 turns).

Peloso the Protected (Minotaur Fighter)            Turns: 10093, Time: 00:12:44

Health: -3/79      AC: 14    Str: 22    XL:     9   Next: 75%
Magic:  8/8        EV: 13    Int:  5    God:    Okawaru [***...]
Gold:   448        SH:  5    Dex: 13    Spells: 8/8 levels left

rFire   . . .      SeeInvis .   a - +0 long sword
rCold   . . .      Faith    .   d - +0 buckler
rNeg    . . .      Spirit   .   E - +0 chain mail
rPois   .          Reflect  .   r - +0 hat
rElec   .          Harm     .   (no cloak)
rCorr   .          Rampage  .   C - +0 pair of gloves
Will    .....                   c - +0 pair of boots
Stlth   ..........              (no amulet)
HPRegen 0.23/turn               A - ring of flight
MPRegen 0.11/turn               n - +4 ring of evasion

@: flying
A: horns 2, retaliatory headbutt
a: Renounce Religion, Heroism


You were on level 9 of the Dungeon.
You worshipped Okawaru.
Okawaru was most pleased with you.
You visited 2 branches of the dungeon, and saw 10 of its levels.

You collected 448 gold pieces.

Inventory:

Hand Weapons
 a - a +0 long sword (weapon)
 b - a +0 spear of flaming
Armour
 c - a +0 pair of boots (worn)
 d - a +0 buckler (worn)
 r - a +0 hat (worn)
 C - a +0 pair of gloves (worn)
 E - a +0 chain mail (worn)
Jewellery
 l - an amulet of guardian spirit
 n - a +4 ring of evasion (right hand)
 A - a ring of flight (left hand)
 G - a ring of poison resistance
Wands
 f - a wand of iceblast (16)
 q - a wand of charming (15)
 u - a wand of polymorph (14)
 H - a wand of flame (13)
 I - a wand of digging (5)
 K - a wand of quicksilver (6)
Scrolls
 e - 7 scrolls of teleportation
 i - 3 scrolls of fog
 k - a scroll of silence
 m - a scroll of blinking {unknown}
 s - 3 scrolls of magic mapping {unknown}
 w - a scroll of immolation {unknown}
 y - a scroll of noise {unknown}
 B - a scroll of amnesia {unknown}
 D - 3 scrolls of vulnerability {unknown}
 J - 2 scrolls of fear {unknown}
Potions
 g - 2 potions of resistance
 j - a potion of cancellation
 o - 2 potions of flight
 p - 2 potions of ambrosia
 t - 2 potions of mutation
 v - 3 potions of curing
 x - 2 potions of might
 z - a potion of degeneration {unknown}
 F - a potion of berserk rage {unknown}


   Skills:
 + Level 7.2 Fighting
 + Level 10.2 Long Blades
 + Level 10.3 Armour
 + Level 2.7 Dodging
 + Level 1.4 Stealth
 + Level 6.3 Shields
 + Level 1.1 Invocations


You had 8 spell levels left.
You didn't know any spells.
Your spell library contained the following spells:

 Spells                   Type           Power      Damage    Failure   Level
 Apportation              Tloc           0%         N/A       99%         1
 Necrotise                Necr           0%         1d4       99%         1
 Ensorcelled Hibernation  Hex/Ice        0%         N/A       99%         2
 Spider Form              Tmut/Pois      0%         N/A       100%        3
 Anguish                  Hex/Necr       0%         N/A       100%        4
 Summon Small Mammal      Summ           Unusable   N/A       N/A         1

Dungeon Overview and Level Annotations

Branches:
Dungeon (9/15)             Temple (1/1) D:5             Orc (0/2) D:9
   Lair: D:8-11

Altars:
Ashenzari
Cheibriados
Dithmenos
Elyvilon
Fedhas
Gozag
Hepliaklqana
Kikubaaqudgha
Makhleb
Nemelex Xobeh
Okawaru
Qazlal
Ru
Sif Muna
Trog
Uskayaw
Vehumet
Wu Jian
Xom
Yredelemnul
Zin
The Shining One

Shops:
D:4 *


Innate Abilities, Weirdness & Mutations

You have a pair of horns on your head.
You reflexively headbutt those who attack you in melee.


Message History

The orc warrior hits you but does no damage.
You hit the orc.
The orc is heavily wounded.
You barely miss the orc.
The orc is heavily wounded.
The orc closely misses you.
The orc priest invokes the aid of Beogh against you.
Beogh smites you! You block the orc warrior's attack.
You hit the orc but do no damage. Your headbutt misses the orc.
The orc is heavily wounded.
The orc warrior hits you with a +0 mace.
* * * LOW HITPOINT WARNING * * *
The orc completely misses you.
Unknown command.
You feel like a meek peon again.
The orc warrior hits you with a +0 mace.
* * * LOW HITPOINT WARNING * * *
The orc attacks as you move away! The orc misses you.
The orc priest looks braver for a moment.
The orc warrior hits you with a +0 mace!
* * * LOW HITPOINT WARNING * * *
The orc warrior attacks as you move away!
The orc warrior hits you but does no damage.
The orc warrior closely misses you. The orc misses you.
You furiously retaliate!
You headbutt the orc!
You kill the orc!
The orc priest mumbles some strange prayers to Beogh against you.
You struggle to resist.
The orc warrior attacks as you move away!
The orc warrior completely misses you.
The orc priest attacks as you move away!
The orc priest closely misses you.
The orc warrior attacks as you move away!
The orc warrior barely misses you.
There is a stone staircase leading up here.
The orc priest mumbles some strange prayers to Beogh against you.
Beogh smites you!
* * * LOW HITPOINT WARNING * * *
The orc warrior hits you with a +0 mace.
You die...

####.# .....# ###### ### #. #.
..# # .### #.###.# .# ...##
#.#@..###.# ...## ## #[oo......#
#.#...# .# #.........# #.#...# .#
#########..)....## #.#...#
.######......##)...########.#..##
.........>..)))..................
.######.....#####.....#.####..###
.# #8...8# ###.###.#....#..# ##
###'### #...###.#.##.#..###


You could see an orc warrior and an orc priest.

Vanquished Creatures
  A wyvern (D:9)
  4 steam dragons
  2 water moccasins
  3 orc warriors
  An ice beast (D:7)
  3 sky beasts
  An ogre (D:5)
  A centaur (D:8)
  A phantom (D:5)
  3 bullfrogs
  3 necrophages
  9 wights
  2 howler monkeys (D:7)
  A quasit (D:7)
  4 hounds
  2 orc priests
  2 jellies
  A gnoll bouda (D:8)
  2 iguanas (D:5)
  3 orc wizards
  4 gnolls (D:8)
  4 adders
  4 shadow imps
  4 white imps (D:7)
  7 ufetubi (D:7)
  A worm (D:2)
  A dart slug (D:2)
  30 orcs
  8 bats
  4 endoplasms
  2 giant cockroaches
  6 goblins
  7 hobgoblins
  7 jackals
  3 quokkas
  4 ball pythons
  6 frilled lizards
  7 kobolds
  4 rats
162 creatures vanquished.

Vanquished Creatures (others)
  An orc wizard (D:8)
  An ufetubus (D:6)
  3 demonic plants (D:7)
5 creatures vanquished.

Grand Total: 167 creatures vanquished

Notes
Turn   | Place    | Note
-------+----------+-------------------------------------------
     0 | D:1      | Peloso the Minotaur Fighter began the quest for the Orb.
     0 | D:1      | Reached XP level 1. HP: 19/19 MP: 0/0
   336 | D:1      | Reached XP level 2. HP: 26/27 MP: 1/1
   825 | D:1      | Reached XP level 3. HP: 29/33 MP: 2/2
  1946 | D:2      | Reached skill level 1 in Dodging
  2126 | D:3      | Reached XP level 4. HP: 40/40 MP: 3/3
  2128 | D:3      | Found a faded altar of an unknown god.
  2671 | D:3      | Found a glowing silver altar of Zin.
  2671 | D:3      | Found an opulent altar of Gozag.
  2885 | D:3      | Found an iron altar of Okawaru.
  2906 | D:3      | Became a worshipper of Warmaster Okawaru
  3337 | D:4      | Reached XP level 5. HP: 46/47 MP: 4/4
  3713 | D:4      | Found Gost's Mayhem Merchandise.
  4145 | D:5      | Entered Level 5 of the Dungeon
  4167 | D:5      | Noticed a phantom
  4177 | D:5      | Killed a phantom
  4290 | D:5      | Reached skill level 5 in Long Blades
  4290 | D:5      | Reached XP level 6. HP: 48/53 MP: 5/5
  4336 | D:5      | Reached * piety under Okawaru
  4337 | D:5      | Reached skill level 5 in Armour
  4901 | D:5      | Found a shimmering blue altar of Sif Muna.
  4970 | D:5      | Found a staircase to the Ecumenical Temple.
  5346 | D:6      | Noticed a sky beast
  5376 | D:5      | Killed a sky beast
  5377 | D:5      | Reached skill level 5 in Fighting
  5377 | D:5      | Reached skill level 1 in Stealth
  5377 | D:5      | Reached XP level 7. HP: 33/61 MP: 6/6
  5534 | Temple   | Entered the Ecumenical Temple
  5536 | Temple   | HP: 2/54 [wight/+0 scimitar (5)]
  5874 | D:6      | Reached skill level 5 in Shields
  6435 | D:6      | Reached XP level 8. HP: 66/69 MP: 7/7
  6725 | D:6      | Found an ancient bone altar of Kikubaaqudgha.
  6725 | D:6      | Found a hazy altar of Hepliaklqana.
  6826 | D:6      | Reached ** piety under Okawaru
  7489 | D:6      | Found an ornate altar of the Wu Jian Council.
  7701 | D:6      | Reached skill level 1 in Invocations
  7835 | D:7      | Reached XP level 9. HP: 75/75 MP: 8/8
  8433 | D:8      | Reached *** piety under Okawaru
  9524 | D:9      | Reached skill level 10 in Long Blades
  9645 | D:9      | Reached skill level 10 in Armour
 10009 | D:9      | Found a staircase to the Orcish Mines.
 10079 | D:9      | HP: 1/79 [orc warrior/+0 mace (14)]
 10093 | D:9      | HP: 1/79 [orc priest/divine providence (13)]
 10093 | D:9      | Slain by an orc warrior

Illustrated notes

Levels and vault maps discovered:
D:1:      lightli_arrival_quake, layout_loops_corners, minmay_strange_pillars,
          minmay_box_of_dots
D:2:      layout_basic, minivault_25
D:3:      layout_loops_cross, grunt_temple_overflow_gold_and_silver,
          lemuel_round_altar, basic_ecumenical_altar
D:4:      layout_layer_cave, minmay_shop_mayhem
D:5:      layout_basic, old_standard_altar, minmay_temple_entry_waves
D:6:      layout_rooms, nicolae_wu_jian_wuxing_cycle,
          nicolae_overflow_two_pavilions, amcnicky_mini_rare_corridor_liquid
D:7:      layout_rooms, serial_demonic, serial_demonic_g, serial_demonic_c,
          serial_demonic_c, serial_demonic_f, serial_demonic_b,
          serial_demonic_e, serial_demonic_b, serial_demonic_g,
          serial_demonic_a, serial_demonic_b
D:8:      layout_cave_pools, serial_co_window_serial, co_window_paths_a,
          co_window_of_opportunity_a, co_window_of_opportunity_a,
          co_window_paths_a, co_window_paths_b, co_window_unsneaky_path_e,
          co_window_of_opportunity_b, co_window_of_opportunity_c,
          co_window_of_opportunity_c, co_window_4corner_a, glass_columns_b,
          glass_columns_b, glass_columns_b, glass_columns_b, glass_columns_b
D:9:      minmay_the_grid_square_5x5_3x3 [minmay_the_grid_square_5x5_minivault,
          minmay_the_grid_square_5x5_almost_minimal,
          minmay_the_grid_square_5x5_mess, minmay_the_grid_square_5x5_n_small,
          minmay_the_grid_square_5x5_megaprize_open,
          minmay_the_grid_square_5x5_detours,
          minmay_the_grid_square_5x5_hourglass,
          minmay_the_grid_square_5x5_inverted_slash,
          minmay_the_grid_square_5x5_empty], layout_basic,
          minmay_orc_entry_temple_small, uniq_prince_ribbit1
Temple:   nicolae_temple_no_exploring_needed

Skill      XL: |  1  2  3  4  5  6  7  8  9 |
---------------+----------------------------+-----
Fighting       | 4 5 6 7 |  7.2
Armour         | 4 5 7 9 10 | 10.3
Shields        | 4 5 6 |  6.3
Long Blades    | 3 4 5 6 8 10 | 10.2
Dodging        | 1 2 |  2.7
Stealth        | 1 |  1.4
Invocations    | 1 |  1.1

Action                   |  1- 3 |  4- 6 |  7- 9 || total
-------------------------+-------+-------+-------++-------
Melee: Long sword        |   111 |   129 |   309 ||   549
       Headbutt          |     5 |    31 |    76 ||   112
Invok: Heroism           |       |       |     8 ||     8
  Use: Potion            |     2 |       |     1 ||     3
       Scroll            |     1 |     6 |     4 ||    11
Armor: Scale mail        |    88 |    53 |    36 ||   177
       Chain mail        |       |       |    96 ||    96
Dodge: Dodged            |    61 |    62 |   175 ||   298
Block: Buckler           |    30 |    38 |    81 ||   149
